 Dungeon Crawl Stone Soup version 0.22-a0-322-g60b3cfd (webtiles) character file.

406 b5mith the Chucker (level 6, -1/52 HPs)
             Began as a Centaur Gladiator on Apr 3, 2018.
             Slain by ShrewdGherkins's ghost (3 damage)
             ... on level 3 of the Dungeon.
             The game lasted 00:07:35 (2613 turns).

b5mith the Chucker (Centaur Gladiator)              Turns: 2613, Time: 00:07:36

Health: -1/52      AC:  6    Str: 18    XL:     6   Next: 56%
Magic:  6/6        EV:  9    Int:  7    God:
Gold:   168        SH:  0    Dex: 11    Spells: 5/5 levels left

rFire    . . .     SeeInvis .   a - +0 long sword
rCold    . . .     Gourm    .   (no shield)
rNeg     . . .     Faith    .   o - +0 ring mail (curse)
rPois    .         Spirit   .   c - +0 helmet
rElec    .         Reflect  .   (no cloak)
rCorr    .         Harm     .   (no gloves)
MR       .....                  (no barding)
Stlth    ..........             (no amulet)
HPRegen  0.17/turn              (no ring)
MPRegen  0.10/turn              (no ring)

@: very quick
A: large, hooves 3, deformed body, speed 2, tough skin 3
a: no special abilities


You were on level 3 of the Dungeon.
You were not hungry.

You visited 1 branch of the dungeon, and saw 3 of its levels.

You collected 168 gold pieces.

Inventory:

Hand Weapons
 a - a +0 long sword (weapon)
 b - a +0 hunting sling
 j - a +0 club
Armour
 c - a +0 helmet (worn)
 e - a +0 leather armour
 o - a cursed +0 ring mail (worn)
Wands
 v - a wand of polymorph (7)
Scrolls
 h - a scroll of immolation {unknown}
 k - 2 scrolls of remove curse {unknown}
 l - 4 scrolls of identify {unknown}
 n - a scroll of amnesia {unknown}
 r - a scroll of fog {unknown}
Potions
 i - a potion of degeneration {unknown}
 m - a potion of lignification {unknown}
 p - a potion of magic {unknown}
 q - a potion of ambrosia {unknown}
 s - 3 potions of brilliance {unknown}
 u - a potion of heal wounds {unknown}
Comestibles
 f - 5 rations
 t - 4 chunks of flesh


   Skills:
 + Level 3.9 Fighting
 + Level 4.0 Long Blades
 + Level 4.2 Throwing
 + Level 3.4 Dodging


You had 5 spell levels left.
You didn't know any spells.

Dungeon Overview and Level Annotations

Branches:
Dungeon (3/15)

Altars:
Dithmenos
Makhleb
Nemelex Xobeh
Yredelemnul

Annotations:
D:3 ShrewdGherkins's ghost, amateur TrFi


Innate Abilities, Weirdness & Mutations

You have hooves in place of feet.
Armour fits poorly on your strangely shaped body.
You cover ground very quickly.
You have extremely tough skin. (AC +3)


Message History

Your kick misses ShrewdGherkins's ghost.
ShrewdGherkins's ghost is severely damaged.
ShrewdGherkins's ghost hits you.
* * * LOW HITPOINT WARNING * * *
ShrewdGherkins's ghost hits you.
* * * LOW HITPOINT WARNING * * *
Aiming: Polymorph
Press: ? - help, Shift-Dir - straight line, f/p - ShrewdGherkins's ghost
Aim: ShrewdGherkins's ghost (severely damaged, chance to defeat MR: 34%) ShrewdGherkins's ghost is unaffected.
ShrewdGherkins's ghost closely misses you.
You hit ShrewdGherkins's ghost but do no damage.
You kick ShrewdGherkins's ghost.
ShrewdGherkins's ghost is severely damaged.
ShrewdGherkins's ghost barely misses you.
You barely miss ShrewdGherkins's ghost.
Your kick misses ShrewdGherkins's ghost.
ShrewdGherkins's ghost is severely damaged.
ShrewdGherkins's ghost hits you.
You die...

##.#.####..# #..#.
#.#.# ##.# ##.#.
#.#.# #.# #.#.
#.#.#####.#####...
#.#...............
#.#######...###...
#...........# #...
#......###..# ###. ##
#@.....# #..# #.
...#W.....# #..######
#.#.(....###........
....(...'.##.#####.
####..(...#.#........
......(...#.#........
####...............
#...<#(.#..........
##.####..#..........


You could see ShrewdGherkins's ghost.

Vanquished Creatures
  Sigmund (D:2)
  A hound (D:2)
  Terence (D:2)
  Natasha (thrice) (D:3)
  3 adders (D:2)
  2 oozes (D:1)
  2 dart slugs (D:1)
  3 worms (D:2)
  3 leopard geckos
  5 orcs (D:3)
  2 ball pythons
  2 giant cockroaches
  10 goblins
  8 hobgoblins
  4 jackals (D:1)
  4 kobolds
  A quokka (D:2)
  5 bats
  3 frilled lizards
  4 rats
67 creatures vanquished.

Notes
Turn   | Place    | Note
-------+----------+-------------------------------------------
     0 | D:1      | b5mith the Centaur Gladiator began the quest for the Orb.
     0 | D:1      | Reached XP level 1. HP: 17/17 MP: 1/1
   249 | D:1      | Reached XP level 2. HP: 20/24 MP: 2/2
   436 | D:1      | Reached XP level 3. HP: 30/30 MP: 3/3
   486 | D:1      | Found a sparkling altar of Nemelex Xobeh.
   921 | D:2      | Reached XP level 4. HP: 28/37 MP: 4/4
   933 | D:2      | Found a burning altar of Makhleb.
   963 | D:2      | Found a shadowy altar of Dithmenos.
  1115 | D:2      | Noticed Terence
  1120 | D:2      | Killed Terence
  1182 | D:2      | Found a basalt altar of Yredelemnul.
  1334 | D:2      | Reached XP level 5. HP: 45/45 MP: 5/5
  1414 | D:2      | Noticed Sigmund
  1427 | D:2      | Killed Sigmund
  1427 | D:2      | Reached XP level 6. HP: 10/51 MP: 6/6
  2069 | D:3      | Noticed Natasha
  2077 | D:3      | Killed Natasha
  2379 | D:3      | Noticed Natasha
  2393 | D:3      | Killed Natasha
  2470 | D:3      | Noticed Natasha
  2476 | D:3      | Killed Natasha
  2591 | D:3      | Noticed ShrewdGherkins's ghost (amateur TrFi)
  2610 | D:3      | HP: 1/52 [ShrewdGherkins's ghost (2)]
  2613 | D:3      | Slain by ShrewdGherkins's ghost

Vault maps used:
D:1:      dpeg_arrival_brainrot, nemelex_diamond_rough_becter
D:2:      nicolae_dithmenos_shadow_blocks, nicolae_overflow_crystal_walls,
          makhleb_blood_cavern_becter, uniq_sigmund, uniq_terence
D:3:      first_ration, serial_glass, glass_columns_c, glass_columns_c,
          uniq_natasha

Skill      XL: |  1  2  3  4  5  6 |
---------------+-------------------+-----
Long Blades    | 3 4 |  4.0
Throwing       | 3 4 |  4.2
Fighting       | 3 |  3.9
Dodging        | 3 |  3.4

Action                   |  1- 3 |  4- 6 || total
-------------------------+-------+-------++-------
Melee: Long sword        |    29 |    90 ||   119
       Kick              |     6 |    21 ||    27
 Fire: Hunting sling     |    43 |    66 ||   109
Throw: Throwing net      |     2 |     4 ||     6
Evoke: Wand              |       |     1 ||     1
  Eat: Chunk             |       |     4 ||     4
Armor: Leather armour    |     8 |       ||     8
       Ring mail         |     3 |    27 ||    30
Dodge: Dodged            |    19 |    36 ||    55
       Rpst.: Long sword |     5 |     7 ||    12

Table legend:
 A = Spawn XP
 B = Non-spawn XP
 C = Spawn XP percentage of total XP
 D = Spawn monster count
 E = Non-spawn monster count
 F = Spawn count percentage of total count
 G = Total turns spent on level
                    A         B        C        D         E        F      G
               +---------+---------+-------+---------+---------+-------+---------
         Total |       0 |     580 |   0.0 |       0 |      67 |   0.0 |  2613
               +---------+---------+-------+---------+---------+-------+---------
           D:1 |       0 |      54 |   0.0 |       0 |      22 |   0.0 |   851
           D:2 |       0 |     388 |   0.0 |       0 |      28 |   0.0 |  1030
           D:3 |       0 |     138 |   0.0 |       0 |      17 |   0.0 |   732
               +---------+---------+-------+---------+---------+-------+---------
